 Dungeon Crawl Stone Soup version 0.29.1-2-gbd0b4ee654 (webtiles) character file.

Game seed: 17345550653089900861

1234 croobank the Changer (level 8, 0/54 HPs)
             Began as an Octopode Transmuter on Nov 19, 2022.
             Slain by a gnoll
             ... wielding a +0 whip
             ... led by a gnoll sergeant
              (6 damage)
             ... on level 6 of the Dungeon.
             The game lasted 00:11:44 (4948 turns).

croobank the Changer (Octopode Transmuter)          Turns: 4948, Time: 00:11:45

Health: 0/54       AC:  2    Str: 10    XL:     8   Next: 48%
Magic:  7/14       EV: 21    Int: 23    God:
Gold:   279        SH:  0    Dex: 17    Spells: 9/15 levels left

rFire   . . .      SeeInvis .     - Unarmed
rCold   . . .      Faith    .   (shield currently unavailable)
rNeg    . . .      Spirit   .   (helmet currently unavailable)
rPois   x          Reflect  .   n - amulet of regeneration
rElec   .          Harm     .   c - +6 ring of intelligence
rCorr   .          Rampage  .   l - ring of wizardry
Will    +....                   v - ring of willpower
Stlth   ++........              (no ring)
HPRegen 0.98/turn               (no ring)
MPRegen 0.14/turn               (no ring)
                                (no ring)
                                (no ring)

@: spider-form, wereblooded (expiring)
A: venomous fangs, almost no armour, (amphibious), 8 rings, tiny, (camouflage
1), (gelatinous body 1), (nimble swimmer 1), (tentacles)
a: End Transformation


You were on level 6 of the Dungeon.
You were a venomous arachnid creature.
You visited 1 branch of the dungeon, and saw 6 of its levels.

You collected 279 gold pieces.

Inventory:

Hand Weapons
 a - a +0 short sword
 b - a +0 sling
 q - a +3 flail of protection (melded)
 u - a +0 falchion of holy wrath
 x - a +1 dagger of venom
 y - a +0 morningstar of chaos
Missiles
 r - 3 poisoned darts
 D - a throwing net
Armour
 o - a +0 buckler (melded)
Magical Staves
 e - a staff of death
Jewellery
 c - a +6 ring of intelligence (left front leg)
 l - a ring of wizardry (right front leg)
 n - an amulet of regeneration (around neck)
 v - a ring of willpower (on tentacle)
Wands
 C - a wand of roots (4)
Scrolls
 f - a scroll of brand weapon
 h - 5 scrolls of noise
 m - a scroll of blinking
 p - 3 scrolls of teleportation
 B - 3 scrolls of magic mapping
 E - a scroll of fog
Potions
 d - a potion of lignification
 g - a potion of magic
 i - 2 potions of mutation
 j - a potion of attraction
 k - 3 potions of might
 s - a potion of haste {unknown}
 t - a potion of brilliance {unknown}
 w - a potion of curing {unknown}
 z - a potion of heal wounds {unknown}
Miscellaneous
 A - a phantom mirror


   Skills:
 + Level 3.8 Fighting
 + Level 4.2 Dodging
 + Level 4.8 Unarmed Combat
 + Level 4.0 Spellcasting
 * Level 5.6 Transmutations
 + Level 3.7 Poison Magic


You had 9 spell levels left.
You knew the following spells:

 Your Spells              Type           Power      Damage    Failure   Level
a - Beastly Appendage     Tmut           60%        N/A       2%          1
b - Wereblood             Tmut           30%        N/A       2%          2
c - Spider Form           Tmut/Pois      26%        N/A       6%          3

Your spell library contained the following spells:

 Spells                   Type           Power      Damage    Failure   Level
 Gell's Gravitas          Tloc           4%         N/A       24%         3
 Lesser Beckoning         Tloc           4%         N/A       24%         3
 Teleport Other           Tloc           4%         N/A       24%         3
 Ice Form                 Ice/Tmut       17%        N/A       26%         4


Dungeon Overview and Level Annotations

Branches:
Dungeon (6/15)
 Temple: D:4-7

Altars:
Ashenzari
Qazlal
Yredelemnul

Shops:
D:6 !

Annotations:
D:4 1 runed translucent door, Crazy Yiuf


Innate Abilities, Weirdness & Mutations

You are a venomous arachnid creature.
You have poisonous fangs.
You are tiny and dextrous.
Your spellcasting is less reliable in this form.
Your armour is entirely melded.
You are incapable of wielding weapons or throwing items.
You cannot wear most types of armour.
((You are amphibious.))
You can wear up to eight rings at the same time.
((Your skin changes colour to match your surroundings (Stealth+).))
((Your rubbery body absorbs attacks. (AC +1, EV +1)))
((You are camouflaged when in or above water. (Stealth+)))
((You have tentacles for arms and can constrict up to eight enemies at once.))


Message History

The gnoll sergeant is lightly wounded.
You hiss as the wereblood boils in your veins!
The gnoll sergeant misses you. The gnoll sergeant blocks your attack.
The gnoll sergeant is lightly wounded.
You hiss as the wereblood boils in your veins!
Your transformation has ended.
Your +3 flail of protection unmelds from your body.
Your +0 buckler unmelds from your body.
Your +3 flail of protection hums with potential!
The gnoll sergeant hits you with a +0 spear!
A gnoll comes into view. It is wielding a +0 spear.
A white imp comes into view.
Casting: Wereblood (safe; 1% risk of failure)
Confirm with . or Enter, or press ? or * to list all spells.
You turn into a venomous arachnid creature.
Your +3 flail of protection melds into your body.
Your +0 buckler melds into your body.
Your +3 flail of protection goes still.
A gnoll comes into view. It is wielding a +0 whip.
The gnoll sergeant hits you with a +0 spear.
* * * LOW HITPOINT WARNING * * *
The white imp gestures at you. The puff of frost misses you.
You hit the gnoll sergeant.
The gnoll sergeant looks as sick as possible!
The gnoll sergeant is moderately wounded.
The gnoll sergeant completely misses you.
The gnoll completely misses you.
You hit the gnoll.
The gnoll is poisoned.
The gnoll is lightly wounded.
The gnoll sergeant completely misses you.
You hit the gnoll sergeant.
The gnoll sergeant is heavily wounded.
The gnoll sergeant hits you with a +0 spear!
* * * LOW HITPOINT WARNING * * *
The gnoll misses you.
Your primal bloodlust is almost over.
The gnoll sergeant completely misses you.
The gnoll attacks as you move away! The gnoll hits you with a +0 whip.
You die...

####... #...#..#
#......# . ###.....#
.# ##?......####.##
.........#.....
.........)g5# ###
........ggg# ..#
...#....s.)####.. ..
........∩..##.... #..
....................<
........###...###....
#.......##...........
###......#..<........
#....$..#...........
##......##...)......
#.....##........###


You could see a gnoll sergeant (very poisoned), 3 gnolls and a white imp.

Vanquished Creatures
  Eustachio (D:6)
  2 black bears
  2 ogres
  A phantom (D:4)
  5 scorpions
  A gnoll bouda (D:5)
  A jelly (D:4)
  3 hounds
  2 orc wizards (D:3)
  5 gnolls
  7 adders
  A white imp (D:5)
  An adder zombie (D:3)
  A worm (D:2)
  5 orcs
  10 bats
  10 endoplasms
  3 giant cockroaches
  A goblin (D:1)
  6 hobgoblins
  4 jackals
  A quokka (D:2)
  7 ball pythons
  2 frilled lizards
  A giant cockroach zombie (D:3)
  3 kobolds (D:1)
  2 rats
88 creatures vanquished.

Notes
Turn   | Place    | Note
-------+----------+-------------------------------------------
     0 | D:1      | croobank the Octopode Transmuter began the quest for the
                  | Orb.
     0 | D:1      | Reached XP level 1. HP: 13/13 MP: 3/3
   109 | D:1      | Reached XP level 2. HP: 7/18 MP: 3/5
   289 | D:1      | Learned a level 2 spell: Wereblood
  1408 | D:2      | Reached XP level 3. HP: 23/23 MP: 2/6
  1635 | D:2      | Learned a level 3 spell: Spider Form
  1766 | D:2      | Identified the +1 cloak of the Pink Corner {rF- rC++ Str+3}
  2019 | D:2      | Reached XP level 4. HP: 29/29 MP: 3/7
  2741 | D:3      | Noticed a black bear
  2757 | D:3      | Reached skill level 3 in Transmutations
  2761 | D:3      | Killed a black bear
  2762 | D:3      | Reached skill level 1 in Poison Magic
  2762 | D:3      | Reached XP level 5. HP: 32/34 MP: 3/9
  2767 | D:3      | Reached XP level 6. HP: 40/40 MP: 4/10
  2920 | D:3      | Found a basalt altar of Yredelemnul.
  3362 | D:4      | Found a stormy altar of Qazlal.
  3395 | D:4      | Noticed a water elemental
  3399 | D:4      | Noticed an air elemental
  3399 | D:4      | Noticed a fire elemental
  3539 | D:4      | Found a broken altar of Ashenzari.
  3549 | D:4      | Reached skill level 4 in Transmutations
  3636 | D:4      | Reached XP level 7. HP: 43/45 MP: 8/11
  3967 | D:4      | Found a runed translucent door.
  3968 | D:4      | Noticed Crazy Yiuf
  4273 | D:5      | Entered Level 5 of the Dungeon
  4435 | D:5      | Identified the +0 ring mail of the Leaf {Dex+5}
  4478 | D:5      | Reached skill level 5 in Transmutations
  4478 | D:5      | Reached XP level 8. HP: 51/52 MP: 7/13
  4876 | D:6      | Noticed Eustachio
  4918 | D:6      | Found Waidar's Distillery.
  4938 | D:6      | Killed Eustachio
  4948 | D:6      | Slain by a gnoll

Illustrated notes

Levels and vault maps discovered:
D:1:      psy_arrival_dodecagon, layout_basic
D:2:      layout_basic, minmay_splitting_lines
D:3:      layout_rooms, lemuel_zombie_altar_yredelemnul, kennysheep_minor_cross
D:4:      nicolae_cairo_tiling_very_big, layout_gridville, ashenzari_altar_1,
          nicolae_qazlal_style_of_elements, grunt_decor_arrowhead,
          minmay_checkerbox, uniq_crazy_yiuf_cottage
D:5:      layout_rooms
D:6:      layout_cave_pools, lemuel_temple_firewalk_a, serial_shops, shop,
          serial_column_ruins, column_ruins_columns_straight,
          column_ruins_columns_plus, column_ruins_columns_corner,
          minmay_stone_trees_small, uniq_eustachio, uniq_edmund

Skill      XL: |  1  2  3  4  5  6  7  8 |
---------------+-------------------------+-----
Fighting       | 2 3 |  3.8
Transmutations | 3 4 5 |  5.6
Poison Magic   | 1 2 3 |  3.7
Dodging        | 3 4 |  4.2
Spellcasting   | 3 4 |  4.0
Unarmed Combat | 4 |  4.8

Action                   |  1- 3 |  4- 6 |  7- 9 || total
-------------------------+-------+-------+-------++-------
Melee: Unarmed           |    15 |       |    30 ||    45
       Tentacles         |    18 |     7 |     8 ||    33
       Constrict         |    20 |    14 |    12 ||    46
       Kick              |    22 |    12 |    14 ||    48
       Short sword       |    57 |       |       ||    57
       Punch             |     1 |     3 |     1 ||     5
       Flail             |       |    65 |    40 ||   105
 Fire: Sling             |       |     9 |       ||     9
 Cast: Beastly Appendage |    25 |    16 |    11 ||    52
       Wereblood         |    12 |    15 |    12 ||    39
       Spider Form       |       |       |     5 ||     5
  Use: Scroll            |     5 |     4 |     7 ||    16
 Stab: Sleeping          |     4 |     2 |     1 ||     7
Armor: Skin              |    12 |    10 |    19 ||    41
Dodge: Dodged            |    40 |    54 |    79 ||   173
Block: Buckler           |     2 |    11 |     7 ||    20
